 Dungeon Crawl Stone Soup version 0.29.0-5-ge4962eb29e (webtiles) character file.

Game seed: 8216594049992170772

67 ImASeal the Magician (level 4, 0/31 HPs)
             Began as a Djinni Ice Elementalist on Aug 29, 2022.
             Killed by miscasting Hailstorm (7 damage)
             ... on level 2 of the Dungeon.
             The game lasted 00:06:16 (2048 turns).

ImASeal the Magician (Djinni Ice Elementalist)      Turns: 2048, Time: 00:06:17

Health: 0/31       AC:  2    Str:  7    XL:     4   Next: 38%
Gold:   69         EV:  6    Int: 19    God:
                   SH:  0    Dex: 13

rFire   + + .      SeeInvis .   (no weapon)
rCold   x . .      Faith    .   (no shield)
rNeg    . . .      Spirit   .   a - +0 robe
rPois   ∞          Reflect  .   (no helmet)
rElec   .          Harm     .   (no cloak)
rCorr   .          Rampage  .   (no gloves)
Will    .....                   (boots unavailable)
Stlth   ++........              (no amulet)
HPRegen 0.10/turn               (no ring)
MPRegen 0.00/turn               (no ring)

@: flying, very slightly contaminated, held
A: sickness immunity, fire resistance 2, cold vulnerability 1, float, innate
caster, HP casting, extra vitality 1
a: no special abilities


You were on level 2 of the Dungeon.
You visited 1 branch of the dungeon, and saw 2 of its levels.

You collected 69 gold pieces.

Inventory:

Armour
 a - a +0 robe (worn)
Scrolls
 b - 3 scrolls of noise {unknown}
 c - a scroll of amnesia {unknown}
 f - a scroll of acquirement {unknown}
 g - 3 scrolls of identify {unknown}
Potions
 d - 3 potions of curing {unknown}
 e - 2 potions of mutation {unknown}
 h - a potion of flight {unknown}


   Skills:
 + Level 0.2 Fighting
 + Level 2.3 Dodging
 + Level 2.1 Stealth
 + Level 4.2 Spellcasting


You couldn't memorise any spells.
You knew the following spells:

 Your Spells              Type           Power      Damage    Failure   Level
a - Freeze                Ice            76%        1d9       2%          1
b - Frozen Ramparts       Ice            38%        1d6       7%          3
c - Ozocubu's Armour      Ice            19%        N/A       7%          3
d - Hailstorm             Conj/Ice       19%        3d6       24%         4
e - Magic Dart            Conj           76%        1d6       2%          1
Your spell library was empty.

Dungeon Overview and Level Annotations

Branches:
Dungeon (2/15)

Altars:

Shops:
D:1 [


Innate Abilities, Weirdness & Mutations

You are immune to sickness and miasma.
You are immune to poison.
Your flesh is very heat resistant. (rF++)
You are vulnerable to cold. (rC-)
You float through the air rather than walking.
You learn spells naturally, not from books.
Your magical power is your life essence.
You have superior vitality. (+4 MHP)


Message History

The gnoll barely misses you.
The gnoll throws a throwing net.
The throwing net hits you.
You become entangled in the net!
You see here a throwing net.
Casting: Magic Dart (safe; 2% risk of failure)
Confirm with . or Enter, or press ? or * to list all spells.
You can't see any susceptible monsters within range! (Use Z to cast anyway.)
Casting: Magic Dart (safe; 2% risk of failure)
Confirm with . or Enter, or press ? or * to list all spells.
You don't know that spell.
Unknown command.
Casting: Magic Dart (safe; 2% risk of failure)
Confirm with . or Enter, or press ? or * to list all spells.
Aiming: Magic Dart (safe; 2% risk of failure)
Press: ? - help, Shift-Dir - straight line, f - gnoll
Aim: a gnoll, wielding a +0 spear (100% to hit)
The magic dart hits the gnoll but does no damage.
Casting: Magic Dart (safe; 2% risk of failure)
Confirm with . or Enter, or press ? or * to list all spells.
Aiming: Magic Dart (safe; 2% risk of failure)
Press: ? - help, Shift-Dir - straight line, f/p - gnoll
Aim: a gnoll, wielding a +0 spear (100% to hit)
The magic dart hits the gnoll.
The gnoll is lightly wounded.
Casting: Magic Dart (safe; 2% risk of failure)
Confirm with . or Enter, or press ? or * to list all spells.
Aiming: Magic Dart (safe; 2% risk of failure)
Press: ? - help, Shift-Dir - straight line, f/p - gnoll
Aim: a gnoll, wielding a +0 spear (lightly wounded, 100% to hit)
The magic dart hits the gnoll.
The gnoll is heavily wounded.
Casting: Magic Dart (safe; 2% risk of failure)
Confirm with . or Enter, or press ? or * to list all spells.
The spell is extremely dangerous to miscast (24% risk of failure)!
Continue anyway?
Casting: Hailstorm (extremely dangerous; 24% risk of failure)
Press: ? - help, Dir - look around, f - activate You miscast Hailstorm.
You are very lightly contaminated with residual magic.
Frost covers your body!
You feel a terrible chill!
You die...

#..##.#.##.###.####..#
...##................#
##.##.#.#.##.###g##.##
......#.........g...#
#..##†#.#.#.##.#.##.#
##.##.).#.......g##.#
#.##.#......#.#....#
#....#.#......#.##.#
..##........#..@# #
...##.#.##.#.#.#.#
...............#..
.##.###.##.#.#.## .
.... .........# .##
.###.##.#.# #. # .#.#
...


You could see 2 gnolls and a goblin.

Vanquished Creatures
  A gnoll (D:2)
  An adder (D:2)
  2 ball pythons
  5 bats
  7 endoplasms
  3 giant cockroaches
  3 goblins (D:1)
  7 hobgoblins
  2 quokkas
  A frilled lizard (D:2)
  6 kobolds
  3 rats (D:1)
41 creatures vanquished.

Notes
Turn   | Place    | Note
-------+----------+-------------------------------------------
     0 | D:1      | ImASeal the Djinni Ice Elementalist began the quest for the
                  | Orb.
     0 | D:1      | ImASeal set off with the following spells memorised:
                  | Freeze, Frozen Ramparts, Ozocubu's Armour, Hailstorm.
     0 | D:1      | Reached XP level 1. HP: 15/15 MP: 0/0
   348 | D:1      | Reached XP level 2. HP: 20/21 MP: 0/0
   713 | D:1      | Reached XP level 3. HP: 18/25 MP: 0/0
   713 | D:1      | Learned a level 1 spell: Magic Dart
   843 | D:1      | Found Xodec's Armour Shop.
   968 | D:1      | Found a faded altar of an unknown god.
  1395 | D:1      | Reached skill level 4 in Spellcasting
  1871 | D:2      | Reached XP level 4. HP: 23/31 MP: 0/0
  2048 | D:2      | Killed by miscasting Hailstorm

Illustrated notes

Levels and vault maps discovered:
D:1:      wander_arrival_fairy_ring, layout_loops_ring, serial_shops,
          nicolae_shop_window_shopping, shapermc_ecumenical_altar_rom_forum
D:2:      minmay_roachtagon, layout_rooms, basic_altar, minmay_misc_feat_rows,
          minmay_diced_spiral, uniq_robin, uniq_natasha

Skill      XL: |  1  2  3 |
---------------+----------+-----
Spellcasting   | 4 |  4.2
Stealth        | 2 |  2.1
Fighting       | |  0.2
Dodging        | |  2.3

Action                   |  1- 3 |  4- 6 || total
-------------------------+-------+-------++-------
Melee: Unarmed           |     3 |       ||     3
       Punch             |     1 |       ||     1
 Cast: Freeze            |    38 |       ||    38
       Magic Dart        |    33 |    16 ||    49
Armor: Robe              |     7 |       ||     7
Dodge: Dodged            |    16 |     2 ||    18
